 Dungeon Crawl Stone Soup version 0.23.2-33-g5129a83184 (webtiles) character file.

Game seed: 382496863383065677

665 funkygono the Shield-Bearer (level 7, -4/55 HPs)
             Began as a Formicid Fighter on July 12, 2019.
             Was a Follower of Zin.
             Slain by an orc warrior
             ... wielding a +0 hand axe
              (15 damage)
             ... on level 4 of the Dungeon.
             The game lasted 00:11:22 (3705 turns).

funkygono the Shield-Bearer (Formicid Fighter)      Turns: 3705, Time: 00:11:22

Health: -4/55      AC:  8    Str: 22    XL:     7   Next: 88%
Magic:  7/7        EV:  9    Int: 10    God:    Zin [*.....]
Gold:   138        SH: 11    Dex: 10    Spells: 6/6 levels left

rFire    . . .     SeeInvis +   a - +1 flail
rCold    + . .     Gourm    .   c - +1 shield
rNeg     . . .     Faith    .   b - +0 scale mail
rPois    .         Spirit   .   (helmet unavailable)
rElec    .         Reflect  .   (no cloak)
rCorr    .         Harm     .   m - +1 pair of gloves
MR       .....     Clarity  +   (no boots)
Stlth    ..........             (no amulet)
HPRegen  0.00/turn              i - ring of protection from cold
MPRegen  0.10/turn              h - +2 ring of intelligence

@: lethally poisoned (-4 -> -10)
A: permanent stasis, dig shafts and tunnels, four strong arms, antennae 3, icy
blue scales 1, clarity, deformed body, inhibited regeneration, MP-powered wands
a: Dig, Shaft Self, Recite, Donate Gold, Renounce Religion


You were on level 4 of the Dungeon.
You worshipped Zin.
Zin was aware of your devotion.
You were not hungry.

You visited 1 branch of the dungeon, and saw 4 of its levels.

You collected 153 gold pieces.
You donated 15 gold pieces to Zin.

Inventory:

Hand Weapons
 a - a +1 flail (weapon)
Missiles
 g - 163 stones (quivered)
Armour
 b - a +0 scale mail (worn)
 c - a +1 shield (worn)
 m - a +1 pair of gloves (worn)
Jewellery
 h - a +2 ring of intelligence (right hand)
 i - a ring of protection from cold (left hand)
 r - an uncursed ring of protection from cold
Scrolls
 e - a scroll of identify
 j - 2 scrolls of remove curse
Potions
 d - 3 potions of might
 k - a potion of resistance
 n - a potion of curing
 o - a potion of invisibility
 s - a potion of heal wounds
Comestibles
 f - 5 rations
 l - 2 chunks of flesh


   Skills:
 + Level 4.7 Fighting
 + Level 5.1 Maces & Flails
 + Level 4.8 Armour
 + Level 1.5 Dodging
 + Level 0.6 Stealth
 + Level 5.6 Shields
 + Level 1.0 Unarmed Combat


You had 6 spell levels left.
You didn't know any spells.
Your spell library was empty.

Dungeon Overview and Level Annotations

Branches:
Dungeon (4/15)
 Temple: D:4-7

Altars:
Cheibriados
Makhleb
Zin

Shops:
D:3 *


Innate Abilities, Weirdness & Mutations

You cannot be hasted, slowed, berserked, paralysed or teleported.
You can dig through walls and to a lower floor.
Your four strong arms can wield two-handed weapons with a shield.
You have a pair of large antennae on your head. (SInv)
You are partially covered in icy blue scales. (AC +2)
You possess an exceptional clarity of mind.
Armour fits poorly on your strangely shaped body.
You do not regenerate when monsters are visible.
You expend magic power (3 MP) to strengthen your wands.


Message History

The worker ant is severely wounded.
You feel sick.
The worker ant bites you but does no damage.
You sock the worker ant!
You kill the worker ant!
You feel sick.
You see here a worker ant corpse.
You feel sick.
You sock the orc warrior!
The orc warrior is moderately wounded.
You block the orc warrior's attack.
You closely miss the orc warrior.
The orc warrior is moderately wounded.
You feel sick.
The orc warrior hits you with a +0 hand axe!
* * * LOW HITPOINT WARNING * * *
You closely miss the orc warrior.
The orc warrior is moderately wounded.
The orc warrior hits you with a +0 hand axe!
You die...

...............## ###.........
......######....####....###....
###...# ##.....÷..@..# ...
##.)## ##.#######..# . ##..##
##.# ##.... ###.## #).# #...@#
##.## #..# ######
##.###..#########
#......†@o.....#
##.......####... #....####
#....# #....# ##...# #....
#...).


You could see an orc warrior.

Vanquished Creatures
  Grinder (D:3)
  Sigmund (D:4)
  A howler monkey (D:4)
  A centaur skeleton (D:4)
  3 worker ants
  Robin (D:3)
  A gnoll (D:1)
  4 adders
  6 worms
  4 dart slugs
  3 leopard geckos
  3 orcs (D:3)
  2 bats (D:1)
  4 giant cockroaches
  10 goblins
  12 hobgoblins
  9 jackals
  5 frilled lizards (D:2)
  7 kobolds
  4 rats
82 creatures vanquished.

Vanquished Creatures (others)
  A rat (D:3)
1 creature vanquished.

Grand Total: 83 creatures vanquished

Notes
Turn   | Place    | Note
-------+----------+-------------------------------------------
     0 | D:1      | funkygono the Formicid Fighter began the quest for the Orb.
     0 | D:1      | Reached XP level 1. HP: 18/18 MP: 1/1
    74 | D:1      | Reached XP level 2. HP: 24/24 MP: 2/2
   393 | D:1      | You fall through a shaft!
   393 | D:2      | Found a burning altar of Makhleb.
   479 | D:1      | Reached XP level 3. HP: 29/29 MP: 3/3
   598 | D:1      | Gained mutation: Armour fits poorly on your strangely
                  | shaped body. [potion of mutation]
   598 | D:1      | Gained mutation: You possess an exceptional clarity of
                  | mind. [potion of mutation]
   598 | D:1      | Gained mutation: You are resistant to hostile enchantments.
                  | (MR+) [potion of mutation]
   598 | D:1      | Gained mutation: You are partially covered in icy blue
                  | scales. (AC +2) [potion of mutation]
  1175 | D:2      | Reached XP level 4. HP: 34/37 MP: 4/4
  1893 | D:2      | Lost mutation: You possess an exceptional clarity of mind.
                  | [potion of mutation]
  1893 | D:2      | Lost mutation: You are resistant to hostile enchantments.
                  | (MR+) [potion of mutation]
  1893 | D:2      | Gained mutation: You do not regenerate when monsters are
                  | visible. [potion of mutation]
  1893 | D:2      | Gained mutation: You expend magic power (3 MP) to
                  | strengthen your wands. [potion of mutation]
  1893 | D:2      | Gained mutation: You possess an exceptional clarity of
                  | mind. [potion of mutation]
  2006 | D:3      | Found a snail-covered altar of Cheibriados.
  2139 | D:3      | Reached XP level 5. HP: 20/42 MP: 5/5
  2276 | D:3      | Reached skill level 1 in Dodging
  2321 | D:3      | Found Zin's Purification Station.
  2325 | D:3      | Found a glowing silver altar of Zin.
  2333 | D:3      | Became a worshipper of Zin the Law-Giver
  2333 | D:3      | Reached * piety under Zin
  2563 | D:3      | Noticed Grinder
  2605 | D:3      | Killed Grinder
  2605 | D:3      | Reached XP level 6. HP: 3/49 MP: 6/6
  3218 | D:3      | Reached XP level 7. HP: 51/55 MP: 7/7
  3393 | D:3      | Identified the cursed +0 helmet of the Pink Corner {-Tele
                  | rN+ MR++ Regen+}
  3393 | D:3      | Noticed Robin
  3424 | D:3      | Killed Robin
  3444 | D:3      | Reached skill level 5 in Shields
  3673 | D:4      | Noticed Sigmund
  3696 | D:4      | Killed Sigmund
  3696 | D:4      | Reached skill level 5 in Maces & Flails
  3696 | D:4      | Reached skill level 1 in Unarmed Combat
  3705 | D:4      | Slain by an orc warrior

Skill      XL: |  1  2  3  4  5  6  7 |
---------------+----------------------+-----
Shields        | 4 5 |  5.6
Maces & Flails | 3 4 5 |  5.1
Fighting       | 4 |  4.7
Dodging        | 1 |  1.5
Armour         | 4 |  4.8
Unarmed Combat | 1 |  1.0
Stealth        | |  0.6

Action                   |  1- 3 |  4- 6 |  7- 9 || total
-------------------------+-------+-------+-------++-------
Melee: Flail             |    99 |   149 |    65 ||   313
       Unarmed           |       |       |    29 ||    29
 Abil: Dig               |     1 |       |       ||     1
  Use: Scroll            |     5 |     4 |     3 ||    12
       Potion            |     3 |     1 |     1 ||     5
  Eat: Chunk             |     1 |     4 |     1 ||     6
       Ration            |       |     1 |       ||     1
Armor: Scale mail        |    45 |    30 |    18 ||    93
Dodge: Dodged            |    40 |    36 |    32 ||   108
Block: Shield            |    66 |    59 |    32 ||   157
